 Dungeon Crawl Stone Soup version 0.28.0-43-g3370ac3207 (webtiles) character file.

Game seed: 13138913415168966546

821 Revguard the Magician (level 7, -5/40 HPs)
             Began as a Deep Elf Earth Elementalist on Mar 18, 2022.
             Was an Initiate of Ashenzari.
             Slain by Pikel
             ... wielding a +2 whip of freezing
              (8 damage)
             ... on level 4 of the Dungeon.
             The game lasted 00:28:18 (5546 turns).

Revguard the Magician (Deep Elf Earth Elementalist) Turns: 5546, Time: 00:28:18

Health: -5/40      AC:  3    Str:  5    XL:     7   Next: 63%
Magic:  6/16       EV: 14    Int: 20    God:    Ashenzari [......]
Gold:   216        SH:  0    Dex: 17    Spells: 3/15 levels left

rFire   . . .      SeeInvis .   k - +1 short sword (vamp)
rCold   . . .      Faith    .   (no shield)
rNeg    . . .      Spirit   .   b - +0 robe
rPois   .          Reflect  .   c - +0 helmet
rElec   .          Harm     .   (no cloak)
rCorr   .          Rampage  .   (no gloves)
Will    .....                   (no boots)
Stlth   +++.......              (no amulet)
HPRegen 0.13/turn               o - ring of flight
MPRegen 0.15/turn               (no ring)

@: flying
A: no striking features
a: Renounce Religion


You were on level 4 of the Dungeon.
You worshipped Ashenzari.
Ashenzari was noncommittal.
You visited 1 branch of the dungeon, and saw 5 of its levels.

You collected 216 gold pieces.

Inventory:

Hand Weapons
 k - a +1 vampiric short sword (weapon)
Missiles
 e - 45 stones
Armour
 b - a +0 robe (worn)
 c - a +0 helmet (worn)
Jewellery
 d - a ring of fire
 g - an amulet of guardian spirit
 o - a ring of flight (left hand)
Wands
 a - a wand of digging (4)
 m - a wand of mindburst (16)
Scrolls
 i - a scroll of vulnerability
 j - a scroll of torment
 n - a scroll of fog
Potions
 h - 2 potions of flight


   Skills:
 + Level 2.8 Fighting
 + Level 2.4 Short Blades
 + Level 4.0 Dodging
 + Level 4.2 Stealth
 + Level 4.9 Spellcasting
 + Level 2.2 Conjurations
 + Level 3.0 Transmutations
 + Level 2.0 Ice Magic
 + Level 4.5 Earth Magic
 + Level 1.2 Evocations


You had 3 spell levels left.
You knew the following spells:

 Your Spells              Type           Power      Damage    Failure   Level
a - Sandblast             Erth           46%        2d11      1%          1
b - Passwall              Tmut/Erth      15%        N/A       3%          2
c - Stone Arrow           Conj/Erth      36%        3d9       9%          3
d - Petrify               Tmut/Erth      19%        N/A       26%         4
e - Ensorcelled Hibernat  Hex/Ice        18%        N/A       12%         2

Your spell library contained the following spells:

 Spells                   Type           Power      Damage    Failure   Level
 Ignite Poison            Fire/Tmut/Pois 8%         N/A       24%         3
 Mephitic Cloud           Conj/Pois/Air  7%         N/A       26%         3
 Gell's Gravitas          Tloc           4%         N/A       34%         3
 Lesser Beckoning         Tloc           4%         N/A       34%         3
 Swiftness                Air            4%         N/A       34%         3
 Teleport Other           Tloc           4%         N/A       34%         3
 Freezing Cloud           Conj/Ice/Air   5%         6-21      87%         5
 Dispersal                Tloc           2%         N/A       100%        6


Dungeon Overview and Level Annotations

Branches:
Dungeon (5/15)
 Temple: D:4-7

Altars:
Ashenzari
Cheibriados
Makhleb
Okawaru
Trog
Uskayaw
Yredelemnul

Shops:
D:2 ?!?*[

Annotations:
D:4 Edmund, Pikel


Message History

The stone arrow hits Pikel but does no damage.
Pikel is moderately wounded.
Pikel misses you. The lemure hits you but does no damage.
Casting: Stone Arrow (dangerous; 9% risk of failure)
Confirm with . or Enter, or press ? or * to list all spells.
The spell is quite dangerous to miscast (26% risk of failure)!
Continue anyway?
Okay, then.
Casting: Petrify (quite dangerous; 26% risk of failure)
Confirm with . or Enter, or press ? or * to list all spells.
Aiming: Stone Arrow (dangerous; 9% risk of failure)
Press: ? - help, Shift-Dir - straight line, f/p - Pikel
Aim: Pikel, wielding a +2 whip of freezing and wearing a +0 robe (moderately wounded, 60% to hit)
You miscast Stone Arrow.
You are very lightly contaminated with residual magic.
Nothing appears to happen.
Pikel misses you. The lemure hits you but does no damage.
Casting: Stone Arrow (dangerous; 9% risk of failure)
Confirm with . or Enter, or press ? or * to list all spells.
Aiming: Stone Arrow (dangerous; 9% risk of failure)
Press: ? - help, Shift-Dir - straight line, f/p - Pikel
Aim: Pikel, wielding a +2 whip of freezing and wearing a +0 robe (moderately wounded, 60% to hit)
You miscast Stone Arrow.
Nothing appears to happen.
Pikel hits you with a +2 whip of freezing!
* * * LOW HITPOINT WARNING * * *
Pikel freezes you.
* * * LOW HITPOINT WARNING * * *
The lemure barely misses you. Pikel barely misses you. Pikel barely misses you.
Pikel says, "You'll feel the lick of my whip!"
Okay, then.
The lemure closely misses you. Pikel barely misses you.
Pikel hits you with a +2 whip of freezing.
* * * LOW HITPOINT WARNING * * *
Pikel freezes you.
* * * LOW HITPOINT WARNING * * *
Your magical contamination has completely faded away.
Pikel hits you with a +2 whip of freezing!
You die...

..........<# #....# ##
...........# #....# ##.
...........# ##....######### #..
.####..#######.............####.#
.# ##># ##...................#
.## #.# #.........##########.#
..# #.# ###.........##########..
..## #.###....5K.............####
..)###.##..#....@............#
#...##....##.................#
.......######)(..............#
.....#.# #.........###.#####
.......#####.........###.#
#.........##.........##..#
##......#..#.........#..## #
#.##....#.#.........#.##########
#.##..#.#..#........>.##........


You could see Pikel and a lemure.

Vanquished Creatures
  Prince Ribbit (D:5)
  A lemure (D:5)
  A phantom (D:3)
  Blork the orc (D:5)
  A scorpion (D:4)
  A centaur zombie (D:5)
  2 hounds
  An orc priest (D:4)
  2 orc wizards (D:4)
  Terence (D:3)
  2 iguanas (D:4)
  4 adders
  A shadow imp (D:5)
  2 white imps (D:5)
  2 worms
  5 dart slugs
  9 orcs
  5 ball pythons
  8 bats
  6 endoplasms
  5 hobgoblins
  8 jackals
  7 quokkas
  5 frilled lizards
  6 goblins
  4 kobolds
  5 rats
96 creatures vanquished.

Vanquished Creatures (others)
  3 withered plants (D:1)
3 creatures vanquished.

Grand Total: 99 creatures vanquished

Notes
Turn   | Place    | Note
-------+----------+-------------------------------------------
     0 | D:1      | Revguard the Deep Elf Earth Elementalist began the quest
                  | for the Orb.
     0 | D:1      | Reached XP level 1. HP: 10/10 MP: 6/6
   138 | D:1      | Reached XP level 2. HP: 16/16 MP: 6/8
   265 | D:1      | Learned a level 2 spell: Passwall
   333 | D:1      | Reached skill level 1 in Fighting
   436 | D:1      | Reached XP level 3. HP: 20/20 MP: 7/9
   695 | D:1      | Found a faded altar of an unknown god.
   700 | D:1      | Learned a level 3 spell: Stone Arrow
  1090 | D:2      | Found Irocs's Antique Armour Shop.
  1211 | D:2      | Found Bikakut's Magic Scroll Shoppe.
  1302 | D:2      | Found Suufovaf's General Store.
  1668 | D:2      | Found Qodghummu's Distillery.
  1706 | D:2      | Found Puheab's Magic Scroll Shoppe.
  1762 | D:3      | Noticed a phantom
  1768 | D:3      | Reached XP level 4. HP: 20/25 MP: 9/11
  2164 | D:2      | Learned a level 4 spell: Petrify
  2327 | D:3      | Killed a phantom
  2328 | D:3      | Reached skill level 1 in Short Blades
  2328 | D:3      | Reached XP level 5. HP: 30/30 MP: 7/12
  2521 | D:3      | Noticed Terence
  2535 | D:3      | Killed Terence
  2661 | D:3      | Reached skill level 1 in Conjurations
  3047 | D:4      | Learned a level 2 spell: Ensorcelled Hibernation
  3310 | D:4      | Reached XP level 6. HP: 27/35 MP: 4/14
  3425 | D:4      | Found a bloodstained altar of Trog.
  3425 | D:4      | Found a basalt altar of Yredelemnul.
  3442 | D:4      | Found an iron altar of Okawaru.
  3444 | D:4      | Found a broken altar of Ashenzari.
  3445 | D:4      | Found a hide-covered altar of Uskayaw.
  3462 | D:4      | Became a worshipper of Ashenzari the Shackled
  3501 | D:4      | Found a snail-covered altar of Cheibriados.
  3574 | D:4      | Reached skill level 1 in Ice Magic
  3891 | D:5      | Entered Level 5 of the Dungeon
  3935 | D:5      | Found a burning altar of Makhleb.
  4156 | D:5      | Noticed Edmund
  4605 | D:5      | Reached XP level 7. HP: 40/40 MP: 12/15
  4663 | D:5      | Noticed Prince Ribbit
  4675 | D:5      | HP: 1/40 [Prince Ribbit (14)]
  4889 | D:5      | Killed Prince Ribbit
  4890 | D:5      | Reached skill level 1 in Evocations
  5218 | D:5      | Noticed Blork the orc
  5224 | D:5      | Noticed Pikel
  5227 | D:5      | Killed Blork the orc
  5533 | D:4      | HP: 1/40 [Pikel/+2 whip of freezing (3)]
  5546 | D:4      | Slain by Pikel

Illustrated notes

Levels and vault maps discovered:
D:1:      lightli_arrival_statuegarden, layout_basic,
          ebering_ecumenical_altar_petrified
D:2:      layout_basic, serial_shops, nicolae_shop_hallway_stairs, shop,
          nicolae_shop_behind_doors, nicolae_shop_advertising_works
          [nicolae_subvault_shop_adworks], nicolae_lakefront_shop
D:3:      layout_loops_cross, uniq_terence
D:4:      layout_rooms, chequers_temple_overflow_minitemple,
          mainiacjoe_overflow_tiny_flanked
D:5:      layout_basic, makhleb_grotto_becter, nicolae_sextant,
          uniq_prince_ribbit1, uniq_pikel, uniq_blork_the_orc, uniq_edmund

Skill      XL: |  1  2  3  4  5  6  7 |
---------------+----------------------+-----
Fighting       | 1 2 |  2.8
Short Blades   | 1 2 |  2.4
Dodging        | 3 4 |  4.0
Stealth        | 3 4 |  4.2
Transmutations | 2 3 |  3.0
Conjurations   | 1 2 |  2.2
Spellcasting   | 4 |  4.9
Earth Magic    | 4 |  4.5
Ice Magic      | 1 2 |  2.0
Evocations     | 1 |  1.2

Action                   |  1- 3 |  4- 6 |  7- 9 || total
-------------------------+-------+-------+-------++-------
Melee: Short sword       |    34 |    56 |     4 ||    94
       Punch             |     1 |     1 |       ||     2
 Cast: Sandblast         |    41 |    62 |    16 ||   119
       Stone Arrow       |       |     7 |     6 ||    13
       Ensorcelled Hiber |       |     3 |     4 ||     7
       Petrify           |       |     1 |       ||     1
  Use: Scroll            |     8 |     3 |     2 ||    13
       Potion            |       |       |     3 ||     3
 Stab: Sleeping          |     7 |     7 |     2 ||    16
Armor: Robe              |     5 |    11 |     4 ||    20
Dodge: Dodged            |    36 |    52 |    22 ||   110
